 Dungeon Crawl Stone Soup version 0.31-a0-986-g5e6e4ef867 (webtiles) character file.

Game seed: 9579072379639285981

4992 lessens the Nimble (level 10, -1/79 HPs)
             Began as a Gnoll Gladiator on Nov 7, 2023.
             Was an Elder of Qazlal.
             Slain by Prince Ribbit (8 damage)
             ... on level 8 of the Dungeon.
             The game lasted 00:09:22 (7464 turns).

lessens the Nimble (Gnoll Gladiator)                Turns: 7464, Time: 00:09:23

Health: -1/79      AC:  8    Str: 22    XL:     10   Next: 54%
Magic:  18/18      EV: 17    Int:  5    God:    Qazlal [****..]
Gold:   191        SH: 14    Dex: 12    Spells: 19/19 levels left

rFire   . . .        a - +0 war axe (elec)
rCold   + . .        l - +0 kite shield
rNeg    . . .        L - +0 scale mail
rPois   .            c - +0 helmet
rElec   .            (no cloak)
rCorr   .            (no gloves)
SInv    .            (no boots)
Will    .....        (no amulet)
Stlth   +            I - +5 ring of evasion
HPRegen 0.33/turn    w - ring of protection from cold
MPRegen 0.16/turn

%: repel missiles
@: no status effects
A: fangs 1, strong nose, distributed training, dopey 1, strong 1, wild magic 1
a: Renounce Religion, Upheaval, Elemental Force


You were on level 8 of the Dungeon.
You worshipped Qazlal.
Qazlal was greatly pleased with you.
You visited 1 branch of the dungeon, and saw 8 of its levels.
You also visited: Ossuary.

You collected 587 gold pieces.
You spent 396 gold pieces at shops.

Inventory:

Hand Weapons
 a - a +0 war axe of electrocution (weapon)
 b - a +2 dagger of venom
 u - a +0 war axe
 R - a +4 battleaxe
Missiles
 d - 3 throwing nets
 j - 8 boomerangs (quivered)
 k - 56 stones
 r - 16 poisoned darts
 O - 4 curare-tipped darts
Armour
 c - a +0 helmet (worn)
 i - a +0 leather armour
 l - a +0 kite shield (worn)
 p - a +0 ring mail
 L - a +0 scale mail (worn)
 S - the +1 chain mail of the Volcano {rF+ Str+3}
   (You found it on level 8 of the Dungeon)

   Str+3:     It affects your strength (+3).
   rF+:       It protects you from fire.
Jewellery
 g - a ring of see invisible
 w - a ring of protection from cold (right hand)
 I - a +5 ring of evasion (left hand)
Wands
 m - a wand of quicksilver (11)
Scrolls
 f - a scroll of poison {unknown}
 h - 3 scrolls of identify
 n - a scroll of enchant armour {unknown}
 s - a scroll of immolation {unknown}
 t - 2 scrolls of noise {unknown}
 v - 2 scrolls of torment {unknown}
 x - 4 scrolls of revelation
 y - 3 scrolls of fear
 z - 5 scrolls of teleportation {unknown}
 B - 2 scrolls of vulnerability {unknown}
 E - a scroll of fog {unknown}
 F - a scroll of summoning {unknown}
 G - a scroll of enchant weapon {unknown}
 N - a scroll of amnesia {unknown}
 Q - a scroll of brand weapon {unknown}
Potions
 o - a potion of resistance {unknown}
 q - 3 potions of magic
 A - 3 potions of lignification
 C - a potion of might {unknown}
 D - a potion of curing
 H - a potion of attraction {unknown}
 J - a potion of mutation
 K - a potion of cancellation {unknown}
 M - a potion of enlightenment {unknown}
 P - 3 potions of brilliance


   Skills:
 + Level 7.2 Fighting
 + Level 5.4 Short Blades
 + Level 5.4 Long Blades
 + Level 8.6 Axes
 + Level 5.4 Maces & Flails
 + Level 5.4 Polearms
 + Level 5.4 Staves
 + Level 5.4 Ranged Weapons
 + Level 7.2 Throwing
 + Level 5.4 Armour
 + Level 8.6 Dodging
 + Level 5.4 Stealth
 + Level 5.4 Shields
 + Level 5.4 Unarmed Combat
 + Level 5.4 Spellcasting
 + Level 4.5 Conjurations
 + Level 4.5 Hexes
 + Level 4.5 Summonings
 + Level 4.5 Necromancy
 + Level 4.5 Translocations
 + Level 4.5 Transmutations
 + Level 4.5 Fire Magic
 + Level 4.5 Ice Magic
 + Level 4.5 Air Magic
 + Level 4.5 Earth Magic
 + Level 4.5 Poison Magic
 + Level 6.0 Invocations
 + Level 5.4 Evocations
 + Level 5.0 Shapeshifting


You had 19 spell levels left.
You didn't know any spells.
Your spell library contained the following spells:

 Spells                   Type           Power      Damage    Failure   Level
 Apportation              Tloc           14%        N/A       34%         1
 Magic Dart               Conj           28%        1d4       34%         1
 Necrotise                Necr           28%        1d5       34%         1
 Slow                     Hex            28%        N/A       34%         1
 Summon Small Mammal      Summ           28%        N/A       34%         1
 Call Imp                 Summ           14%        N/A       45%         2
 Confusing Touch          Hex            7%         N/A       69%         3
 Frozen Ramparts          Ice            14%        1d3       69%         3
 Mephitic Cloud           Conj/Pois/Air  7%         N/A       69%         3
 Sigil of Binding         Hex            7%         N/A       69%         3
 Vampiric Draining        Necr           7%         2d6       69%         3
 Petrify                  Tmut/Erth      7%         N/A       97%         4
 Metabolic Englaciation   Hex/Ice        3%         N/A       100%        5
 Conjure Ball Lightning   Conj/Air       3%         3x3d6     100%        6
 Discord                  Hex            3%         N/A       100%        8
 Disjunction              Tloc           3%         N/A       100%        8


Dungeon Overview and Level Annotations

Branches:
Dungeon (8/15) Zot: 26365  Temple (0/1) D:6         Ossuary (visited)
   Lair: D:8-11

Altars:
Ashenzari
Hepliaklqana
Nemelex Xobeh
Qazlal
Ru
Sif Muna
Zin
The Shining One

Shops:
D:4 =

Annotations:
D:8 Prince Ribbit


Innate Abilities, Weirdness & Mutations

You have very sharp teeth.
Your uncanny sense of smell can sniff out nearby items.
Your experience applies equally to all skills.
You are dopey. (Int -2)
Your muscles are strong. (Str +4, Int/Dex -1)
Your spells are a little harder to cast, but a little more powerful.


Message History

Prince Ribbit lets out a mournful croak.
The gnoll hits you with a +0 spear. The gnoll hits you with a +0 whip.
You hit the gnoll. Your bite misses the gnoll.
The gnoll is lightly wounded.
You hit the gnoll but do no damage.
Prince Ribbit blinks!
You block the gnoll's attack. x2
You barely miss the gnoll.
The gnoll is lightly wounded.
You hit the gnoll but do no damage.
The gnoll zaps a wand.
The bolt of dispelling energy hits you! The gnoll hits you but does no damage.
You block the gnoll's attack.
You closely miss the yak. You bite the yak.
The yak is almost dead.
You slash the gnoll!
You kill the gnoll!
Qazlal accepts your kill. The yak gores you!
* * * LOW HITPOINT WARNING * * *
You hit the yak but do no damage. Lightning courses through the yak!
You kill the yak!
Qazlal accepts your kill.
Your Shapeshifting skill increases to level 5!
You miss Prince Ribbit. Prince Ribbit hits you!
* * * LOW HITPOINT WARNING * * *
Prince Ribbit closely misses you.
You slash Prince Ribbit!
Prince Ribbit is moderately wounded.
Prince Ribbit hits you.
* * * LOW HITPOINT WARNING * * *
Okay, then.
Prince Ribbit attacks as he pursues you!
You block Prince Ribbit's attack. x2
Things that are here:
a +0 whip; a +0 leather armour; a yak corpse It was a potion of mutation.
You feel extremely strange.
You feel stronger.
You feel stupid.
You feel less in control of your magic. Prince Ribbit completely misses you.
It was a potion of curing.
You feel better. Prince Ribbit completely misses you. Prince Ribbit hits you!
You die...

# #### .### ∆
...####...### .
.##.....##... ...
...........##....
.......†.#....>..
..Y...†....#∆ ........#
#...######g######.......#
# #.....)F@...#.......#
#.####.####.#.......#
#.#.......#.#.......#
####.#.##.##.#.#......[#
###..#.#.#...#.#.#.......#
#.........._.............#
#.####.#.#...#.#.###.#####
###
##....#.#.##.##.#.##..#
#..
###.....#.#.......#.#...#
#..


You could see Prince Ribbit and a gnoll.

Vanquished Creatures
  2 two-headed ogres (D:8)
  5 yaks (D:8)
  The ghost of serber55 the Chiller, an amateur DsIE of Wu Jian (D:3)
  2 water moccasins
  Duvessa (D:7)
  3 ice beasts
  An ogre (D:6)
  3 centaurs
  A kobold brigand (D:7)
  2 bullfrogs
  A scorpion (D:6)
  12 wights
  Dowan (D:7)
  6 killer bees
  3 hounds
  A gnoll bouda (D:8)
  3 orc priests
  2 jellies (D:5)
  5 sleepcaps
  2 iguanas
  3 orc wizards
  8 mummies (Ossuary)
  Robin (D:3)
  12 adders
  2 gnolls (D:8)
  3 white imps
  4 worms (D:2)
  2 dart slugs (D:2)
  26 orcs
  4 ball pythons
  5 bats
  8 endoplasms
  2 giant cockroaches (D:1)
  4 gnoll zombies (Ossuary)
  9 hobgoblins
  2 quokkas
  11 goblins
  3 hobgoblin zombies (Ossuary)
  8 kobolds
  An orc zombie (Ossuary)
  A rat (D:1)
176 creatures vanquished.

Notes
Turn   | Place    | Note
-------+----------+-------------------------------------------
     0 | D:1      | lessens the Gnoll Gladiator began the quest for the Orb.
     0 | D:1      | Reached XP level 1. HP: 20/20 MP: 1/1
   177 | D:1      | Reached XP level 2. HP: 26/26 MP: 2/2
   624 | D:2      | Reached XP level 3. HP: 31/31 MP: 3/3
   626 | D:2      | Reached skill level 1 in Invocations
   682 | D:2      | Found a stormy altar of Qazlal.
   717 | D:2      | Became a worshipper of Qazlal Stormbringer
   901 | D:2      | Found a faded altar of an unknown god.
   991 | D:2      | Reached skill level 1 in Short Blades
   991 | D:2      | Reached skill level 1 in Long Blades
   991 | D:2      | Reached skill level 1 in Maces & Flails
   991 | D:2      | Reached skill level 1 in Polearms
   991 | D:2      | Reached skill level 1 in Staves
   991 | D:2      | Reached skill level 1 in Ranged Weapons
   991 | D:2      | Reached skill level 1 in Armour
   991 | D:2      | Reached skill level 1 in Stealth
   991 | D:2      | Reached skill level 1 in Shields
   991 | D:2      | Reached skill level 1 in Unarmed Combat
   991 | D:2      | Reached skill level 1 in Spellcasting
   991 | D:2      | Reached skill level 1 in Evocations
  1129 | D:2      | Reached XP level 4. HP: 37/38 MP: 5/5
  1312 | D:3      | Reached skill level 1 in Shapeshifting
  1716 | D:3      | Reached skill level 1 in Conjurations
  1716 | D:3      | Reached skill level 1 in Hexes
  1716 | D:3      | Reached skill level 1 in Summonings
  1716 | D:3      | Reached skill level 1 in Necromancy
  1716 | D:3      | Reached skill level 1 in Translocations
  1716 | D:3      | Reached skill level 1 in Transmutations
  1716 | D:3      | Reached skill level 1 in Fire Magic
  1716 | D:3      | Reached skill level 1 in Ice Magic
  1716 | D:3      | Reached skill level 1 in Air Magic
  1716 | D:3      | Reached skill level 1 in Earth Magic
  1716 | D:3      | Reached skill level 1 in Poison Magic
  1749 | D:3      | Found a runed translucent door.
  1757 | D:3      | Noticed Robin
  1762 | D:3      | Reached * piety under Qazlal
  1768 | D:3      | Killed Robin
  1778 | D:3      | Noticed serber55's ghost (amateur DsIE)
  1848 | D:3      | Reached XP level 5. HP: 43/43 MP: 5/7
  1857 | D:3      | Killed serber55's ghost
  1858 | D:3      | Reached XP level 6. HP: 35/50 MP: 6/8
  2022 | D:3      | Reached skill level 5 in Fighting
  2022 | D:3      | Reached skill level 5 in Throwing
  2600 | D:4      | Found a sand-covered staircase.
  2605 | Ossuary  | Entered an ossuary
  2615 | Ossuary  | Reached XP level 7. HP: 55/56 MP: 10/10
  2632 | Ossuary  | Reached ** piety under Qazlal
  2972 | D:4      | Identified the serpent talisman of Inquiry {rPois Str+3
                  | Int+6 Stlth-}
  3185 | D:4      | Found Teffer's Jewellery Emporium.
  3192 | D:4      | Bought a +5 ring of evasion for 396 gold pieces
  3372 | D:5      | Identified the of Farip
  3372 | D:5      | Entered Level 5 of the Dungeon
  3689 | D:5      | Found a shimmering blue altar of Sif Muna.
  4302 | D:5      | Reached XP level 8. HP: 57/63 MP: 12/12
  4443 | D:6      | Found a staircase to the Ecumenical Temple.
  5213 | D:6      | Found a hazy altar of Hepliaklqana.
  5213 | D:6      | Found a glowing golden altar of the Shining One.
  5228 | D:6      | Found a faded altar of an unknown god.
  5230 | D:6      | Found a broken altar of Ashenzari.
  5232 | D:6      | Found a faded altar of an unknown god.
  5745 | D:7      | Reached *** piety under Qazlal
  5868 | D:7      | Reached XP level 9. HP: 33/69 MP: 14/14
  6245 | D:7      | Noticed Dowan
  6246 | D:7      | Noticed Duvessa
  6253 | D:7      | Killed Duvessa
  6272 | D:7      | Killed Dowan
  6704 | D:7      | Found a glowing silver altar of Zin.
  6767 | D:7      | Found a sparkling altar of Nemelex Xobeh.
  6848 | D:8      | Noticed a two-headed ogre
  6857 | D:7      | Reached skill level 5 in Invocations
  7030 | D:8      | Found a sacrificial altar of Ru.
  7075 | D:8      | Killed a two-headed ogre
  7076 | D:8      | Reached skill level 5 in Short Blades
  7076 | D:8      | Reached skill level 5 in Long Blades
  7076 | D:8      | Reached skill level 5 in Maces & Flails
  7076 | D:8      | Reached skill level 5 in Polearms
  7076 | D:8      | Reached skill level 5 in Staves
  7076 | D:8      | Reached skill level 5 in Ranged Weapons
  7076 | D:8      | Reached skill level 5 in Armour
  7076 | D:8      | Reached skill level 5 in Stealth
  7076 | D:8      | Reached skill level 5 in Shields
  7076 | D:8      | Reached skill level 5 in Unarmed Combat
  7076 | D:8      | Reached skill level 5 in Spellcasting
  7076 | D:8      | Reached skill level 5 in Evocations
  7076 | D:8      | Reached XP level 10. HP: 35/77 MP: 15/17
  7077 | D:8      | Noticed a two-headed ogre
  7293 | D:8      | Identified the +1 chain mail of the Volcano {rF+ Str+3}
  7341 | D:8      | Killed a two-headed ogre
  7341 | D:8      | Reached **** piety under Qazlal
  7424 | D:8      | Noticed Prince Ribbit
  7460 | D:8      | Reached skill level 5 in Shapeshifting
  7461 | D:8      | HP: 1/79 [Prince Ribbit (4)]
  7463 | D:8      | Gained mutation: Your muscles are strong. (Str +4, Int/Dex
                  | -1) [potion of mutation]
  7463 | D:8      | Gained mutation: You are dopey. (Int -2) [potion of
                  | mutation]
  7463 | D:8      | Gained mutation: Your spells are a little harder to cast,
                  | but a little more powerful. [potion of mutation]
  7464 | D:8      | Slain by Prince Ribbit

Illustrated notes

Levels and vault maps discovered:
D:1:      tarquinn_simple_flora_water_e, layout_rooms, minmay_tripent
D:2:      layout_rooms, hellmonk_ecumenical_altar_slurped_away, basic_altar
D:3:      layout_basic, ebering_ghost_sewer_d, uniq_robin
D:4:      layout_cave_pools, serial_shops, shop, enter_ossuary_5
D:5:      layout_loops_ring, led_sif_book, patterned_corridor
D:6:      layout_basic, chequers_temple_overflow_minitemple,
          minmay_temple_entry_trees
D:7:      layout_rooms, mainiacjoe_overflow_alcove_1,
          mainiacjoe_overflow_six_doors_small, uniq_duvessa
D:8:      layout_rooms, nicolae_ru_sacrificial_ziggurat, uniq_prince_ribbit1,
          uniq_pikel

Skill      XL: |  1  2  3  4  5  6  7  8  9 10 |
---------------+-------------------------------+-----
Invocations    | 1 2 3 4 5 6 |  6.0
Short Blades   | 1 2 3 5 |  5.4
Long Blades    | 1 2 3 5 |  5.4
Maces & Flails | 1 2 3 5 |  5.4
Polearms       | 1 2 3 5 |  5.4
Staves         | 1 2 3 5 |  5.4
Ranged Weapons | 1 2 3 5 |  5.4
Armour         | 1 2 3 5 |  5.4
Stealth        | 1 2 3 5 |  5.4
Shields        | 1 2 3 5 |  5.4
Unarmed Combat | 1 2 3 5 |  5.4
Spellcasting   | 1 2 3 5 |  5.4
Evocations     | 1 2 3 5 |  5.4
Shapeshifting  | 1 2 3 4 5 |  5.0
Conjurations   | 1 2 3 4 |  4.5
Hexes          | 1 2 3 4 |  4.5
Summonings     | 1 2 3 4 |  4.5
Necromancy     | 1 2 3 4 |  4.5
Translocations | 1 2 3 4 |  4.5
Transmutations | 1 2 3 4 |  4.5
Fire Magic     | 1 2 3 4 |  4.5
Ice Magic      | 1 2 3 4 |  4.5
Air Magic      | 1 2 3 4 |  4.5
Earth Magic    | 1 2 3 4 |  4.5
Poison Magic   | 1 2 3 4 |  4.5
Fighting       | 5 6 7 |  7.2
Throwing       | 5 6 7 |  7.2
Axes           | 7 8 |  8.6
Dodging        | 7 8 |  8.6

Action                     |  1- 3 |  4- 6 |  7- 9 | 10-12 || total
---------------------------+-------+-------+-------+-------++-------
  Melee: War axe           |    91 |   101 |   262 |    41 ||   495
         Bite              |     7 |     6 |    20 |     6 ||    39
         Punch             |     1 |     2 |       |       ||     3
         Dagger            |       |     9 |    10 |       ||    19
  Throw: Throwing net      |       |       |     1 |       ||     1
         Dart              |       |       |     1 |     1 ||     2
         Boomerang         |       |       |       |    10 ||    10
         Javelin           |       |       |       |     1 ||     1
  Evoke: Wand              |       |       |     2 |       ||     2
    Use: Scroll            |       |     1 |     5 |       ||     6
         Potion            |       |     1 |     1 |     2 ||     4
 Armour: Leather armour    |    38 |       |       |       ||    38
         Ring mail         |    10 |    65 |    21 |       ||    96
         Scale mail        |       |       |   113 |    24 ||   137
  Dodge: Dodged            |    58 |    94 |   189 |    19 ||   360
  Block: Other             |       |     1 |       |       ||     1
         Kite shield       |       |     6 |   219 |    29 ||   254

Table legend: (Time is in decaauts)
 A = Elapsed time spent in this place.
 B = Non-inter-level travel time spent in this place.
 C = Inter-level travel time spent in this place.
 D = Time resting spent in this place.
 E = Time spent auto-exploring this place.
 F = Levels seen in this place.
 G = Mean time per level.
                   A        B        C        D        E       F      G
               +--------+--------+--------+--------+--------+-----+--------+
         Total |   7584 |   7232 |    352 |    539 |   5262 |   9 |  842.7 |
       Dungeon |   7229 |   6877 |    352 |    448 |   5101 |   8 |  903.6 |
       Ossuary |    355 |    355 |      0 |     91 |    161 |   1 |  355.0 |
               +--------+--------+--------+--------+--------+-----+--------+

Top non-repeatable levels by time:
     D:6: 1634 daAuts
     D:3: 1144 daAuts
     D:7: 1109 daAuts
     D:5: 1081 daAuts
     D:2: 731 daAuts
     D:1: 593 daAuts
     D:4: 593 daAuts
 Ossuary: 355 daAuts
     D:8: 340 daAuts

Levels and vault maps discovered:
D:1:      tarquinn_simple_flora_water_e, layout_rooms, minmay_tripent
D:2:      layout_rooms, hellmonk_ecumenical_altar_slurped_away, basic_altar
D:3:      layout_basic, ebering_ghost_sewer_d, uniq_robin
D:4:      layout_cave_pools, serial_shops, shop, enter_ossuary_5
D:5:      layout_loops_ring, led_sif_book, patterned_corridor
D:6:      layout_basic, chequers_temple_overflow_minitemple,
          minmay_temple_entry_trees
D:7:      layout_rooms, mainiacjoe_overflow_alcove_1,
          mainiacjoe_overflow_six_doors_small, uniq_duvessa
D:8:      layout_rooms, nicolae_ru_sacrificial_ziggurat, uniq_prince_ribbit1,
          uniq_pikel
